 Dungeon Crawl Stone Soup version 0.24-a0-769-g368c1644f8 (webtiles) character file.

Game seed: 1372482531438483437, levelgen mode: deterministic

55 Arixos the Scratcher (level 3, 0/15 HPs)
             Began as a Felid Transmuter on Oct 4, 2019.
             Succumbed to an adder's poison
             ... on level 2 of the Dungeon.
             The game lasted 00:05:30 (1211 turns).

Arixos the Scratcher (Felid Transmuter)             Turns: 1211, Time: 00:05:31

Health: 0/15       AC:  1    Str:  6    XL:     3   Next: 67%
Magic:  5/7        EV: 24    Int: 15    God:
Gold:   125        SH:  0    Dex: 21    Spells: 2/6 levels left
                                        Lives:  0   Deaths: 0

rFire    . . .     SeeInvis +     - Unarmed
rCold    . . .     Gourm    .   (shield unavailable)
rNeg     + . .     Faith    .   (armour unavailable)
rPois    .         Spirit   .   (helmet unavailable)
rElec    .         Reflect  .   (cloak unavailable)
rCorr    .         Harm     .   (gloves unavailable)
MR       .....                  (boots unavailable)
Stlth    ++++......             (no amulet)
HPRegen  0.05/turn              b - ring of positive energy
MPRegen  0.10/turn              (no ring)

@: agile, lethally poisoned (0 -> -14), quick
A: very small, no armour, no weapons or thrown items, stealth, claws 1, fangs 3,
see invisible, carnivore, speed 1, shaggy fur 1, slow metabolism 1, sharp paws
a: no special abilities


You were on level 2 of the Dungeon.
You were very full.

You visited 1 branch of the dungeon, and saw 2 of its levels.

You collected 125 gold pieces.

Inventory:

Missiles
 a - 12 arrows
Jewellery
 b - a ring of positive energy (left paw)
Scrolls
 d - a scroll of identify
 f - a scroll of magic mapping
Comestibles
 c - 2 rations
 g - 6 chunks of flesh


   Skills:
 + Level 1.6 Fighting
 + Level 3.2 Dodging
 + Level 1.7 Stealth
 + Level 3.2 Unarmed Combat
 + Level 2.4 Spellcasting
 + Level 2.5 Transmutations
 * Level 0.3 Poison Magic


You had 2 spell levels left.
You knew the following spells:

 Your Spells              Type           Power        Failure   Level  Hunger
a - Beastly Appendage     Tmut           #.....       8%          1    #......
s - Spider Form           Tmut/Pois      #.........   34%         3    ###....

Your spell library contained the following spells:

 Spells                   Type           Power        Failure   Level  Hunger
 Sticks to Snakes         Tmut           #.......     11%         2    ###....
 Ice Form                 Ice/Tmut       #.......     77%         4    #####..
 Blade Hands              Tmut           #.........   90%         5    ######.


Dungeon Overview and Level Annotations

Branches:
Dungeon (2/15)

Altars:


Innate Abilities, Weirdness & Mutations

You cannot wear armour.
You are incapable of wielding weapons or throwing items.
Your paws allow you to move quietly. (Stealth)
You have sharp claws.
You have razor-sharp teeth.
You have supernaturally acute eyesight. (SInv)
You are carnivorous and can eat meat at any time.
You cover ground quickly.
You are covered in fur. (AC +1)
You have a slow metabolism.
Your sharp claws are effective at attacking unaware monsters.


Message History

You see here an adder corpse.
You butcher the adder corpse.
You feel sick.
Things that are here:
a chunk of flesh; an adder skeleton
g - 6 chunks of flesh (gained 1)
* * * LOW HITPOINT WARNING * * *
You feel sick.
* * * LOW HITPOINT WARNING * * *
You feel sick.
Your transformation has ended.
* * * LOW HITPOINT WARNING * * *
You feel sick.
It was a potion of agility.
You feel agile all of a sudden.
* * * LOW HITPOINT WARNING * * *
You feel sick.
As you read the scroll labeled HUICLU LAOTA, it crumbles to dust.
It is a scroll of identify.
f - a scroll of magic mapping You die...

.# ##.# #. .#..#
.### ....#
โ‰ˆ...#####....##
โ‰ˆ.............#
โ‰ˆ......!......#
#....@##.#.###.
###(...รท(......
###<#.#..######
#..........#
#.#.#.#....#
#.#.>)..#..# %
#.#..##..# .#
#.#... .... .#
#.#.###..###


There were no monsters in sight!

Vanquished Creatures
  An adder (D:2)
  2 oozes (D:1)
  A dart slug (D:1)
  A leopard gecko (D:1)
  7 giant cockroaches (D:1)
  A goblin (D:1)
  3 hobgoblins
  4 jackals (D:1)
  5 bats (D:1)
  A frilled lizard (D:1)
  5 kobolds
  2 rats (D:1)
33 creatures vanquished.

Notes
Turn   | Place    | Note
-------+----------+-------------------------------------------
     0 | D:1      | Arixos the Felid Transmuter began the quest for the Orb.
     0 | D:1      | Reached XP level 1. HP: 9/9 MP: 4/4
   362 | D:1      | Reached XP level 2. HP: 8/12 MP: 6/6
   471 | D:1      | Reached skill level 1 in Stealth
   607 | D:1      | Reached XP level 3. HP: 15/15 MP: 5/7
   803 | D:1      | Learned a level 3 spell: Spider Form
  1211 | D:2      | Succumbed to an adder's poison

Levels and vault maps discovered:
D:1:      tarquinn_simple_flora_water_a, layout_basic, st_stairs_8
D:2:      layout_loops_ring, serial_rivers, chequers_serial_rivers_micro_d,
          chequers_serial_rivers_room_b, chequers_serial_rivers_room_a,
          chequers_serial_rivers_large_a, chequers_serial_rivers_small_a,
          chequers_serial_rivers_small_3, hangedman_abyss_or_decor_lesser_grid

Skill      XL: |  1  2 |
---------------+-------+-----
Dodging        | 3 |  3.2
Stealth        | 1 |  1.7
Fighting       | |  1.6
Unarmed Combat | |  3.2
Spellcasting   | |  2.4
Transmutations | |  2.5
Poison Magic   | |  0.3

Action                   || total
-------------------------++-------
Melee: Unarmed           ||    92
       Headbutt          ||     7
       Bite              ||     6
 Cast: Beastly Appendage ||    14
       Spider Form       ||     2
  Use: Scroll            ||     1
       Potion            ||     1
 Stab: Sleeping          ||     8
  Eat: Chunk             ||     8
Armor: Skin              ||     6
Dodge: Dodged            ||    83

Table legend:
 A = Non-vault XP
 B = Vault XP
 C = Vault XP percentage of total XP
 D = Non-vault monster count
 E = Vault monster count
 F = Vault count percentage of total count
                 A         B        C        D         E       F
            +---------+---------+-------+---------+---------+-------
      Total |      76 |       3 |   3.8 |      31 |       2 |   6.1
            +---------+---------+-------+---------+---------+-------
        D:1 |      60 |       3 |   4.8 |      28 |       2 |   6.7
        D:2 |      16 |       0 |   0.0 |       3 |       0 |   0.0
            +---------+---------+-------+---------+---------+-------
